Remparts vs Patriotes
Created - 21 mars 2017 at 21:07
Goals
|
| Remparts |
2 |
0 |
2 |
0 |
4 |
| Patriotes |
2 |
1 |
1 |
1 |
5 |
|
Shots
|
| Remparts |
11 |
8 |
8 |
0 |
27 |
| Patriotes |
19 |
14 |
6 |
1 |
40 |
|
1st period
1. Patriotes , Andrew Gordon 20 (Christian Hanson, Jordie Benn) at 3:58
2. Patriotes , Mattias Weinhandl 28 (Matt Calvert) at 4:32
3. Remparts , Jonathan Matsumoto 51 (Matt Halischuk, Pasi Salonen) at 5:33
4. Remparts , Matt Halischuk 8 (Radko Gudas) at 12:59
Penalties :
Robbie Russo (Nyc) for Tripping (Minor) at 6:31, Erik Gudbranson (Que) for Cross-checking (Minor) at 19:09
2nd period
5. Patriotes , Andrew Gordon 21 (Christian Hanson, Ryan Wilson) at 1:18
Penalties :
Tomas Kurka (Nyc) for Hooking (Minor) at 3:20, Jonathan Matsumoto (Que) for Hooking (Minor) at 14:43, Matt Halischuk (Que) for Slashing (Double Minor) at 19:11
3rd period
6. Remparts , Petr Straka 11 (Mika Zibanejad, Pasi Salonen) at 5:37
7. Patriotes , Tomas Kurka 23 (Andrew Gordon, Christian Hanson) at 8:33
8. Remparts , Brandon Gormley 3 (Matt Halischuk, Jonathan Matsumoto) at 9:26 (PP)
Penalties :
Tomas Kurka (Nyc) for Hooking (Minor) at 5:40, Zenon Konopka (Nyc) for High sticking (Double Minor) at 9:11, Radko Gudas (Que) for Hooking (Minor) at 17:02
Overtime #1
9. Patriotes , Mattias Weinhandl 29 (Barry Tallackson) at 1:20
Penalties :
No Penalty
Goalie Stats
Petr Mrazek (Que), 35 saves from 40 shots - (0,875), OTL, 15-14-4, 61:20 minutes
Marek Schwarz (Nyc), 23 saves from 27 shots - (0,852), W, 23-22-3, 61:20 minutes
Players Stats for Remparts
Player Name G A P +/- PIM S H SB GA TA FO MP PP MP PK MP
------------------------------------------------------------------------------------
Brandon Gormley 1 0 1 -3 0 2 1 2 0 1 0/0 25:58 4:49 5:27
Cédric Lalonde-McNicoll 0 0 0 -2 0 3 3 0 0 1 5/16 19:11 3:35 5:56
Erik Gudbranson 0 0 0 -3 2 2 3 1 0 0 0/0 28:30 4:49 4:23
Geordie Wudrick 0 0 0 0 0 4 0 0 1 0 0/0 9:00 0:00 0:00
Guillaume Desbiens 0 0 0 -2 0 1 1 1 1 1 0/0 13:40 3:35 0:00
Ivan Vishnevski 0 0 0 0 0 0 0 0 0 0 0/0 12:42 0:00 0:12
Johannes Salmonsson 0 0 0 -1 0 4 4 0 1 0 0/0 19:05 3:35 5:57
Jonathan Cheechoo 0 0 0 0 0 1 0 0 1 1 1/2 10:28 0:00 1:21
Jonathan Matsumoto 1 1 2 1 2 2 2 0 0 0 14/23 19:09 4:36 0:00
Luca Caputi 0 0 0 0 0 0 2 0 0 0 0/1 10:26 0:00 0:41
Matt Halischuk 1 2 3 1 4 3 5 1 1 0 1/4 18:45 4:36 0:00
Max Reinhart 0 0 0 -1 0 0 0 0 0 0 1/7 11:31 0:00 2:20
Michael Paliotta 0 0 0 0 0 0 1 1 0 0 0/0 13:50 0:00 1:20
Mika Zibanejad 0 1 1 0 0 1 1 0 0 0 2/6 10:43 0:09 0:19
Pasi Salonen 0 2 2 0 0 3 0 0 1 0 0/0 20:50 4:27 3:18
Petr Straka 1 0 1 0 0 1 0 0 0 0 0/0 9:43 0:00 0:00
Radko Gudas 0 1 1 0 2 0 2 2 0 0 0/0 24:12 3:22 5:40
William Colbert 0 0 0 1 0 0 0 0 0 0 0/0 17:37 3:22 2:50
Players Stats for Patriotes
Player Name G A P +/- PIM S H SB GA TA FO MP PP MP PK MP
------------------------------------------------------------------------------------
Andrew Gordon 2 1 3 3 0 9 1 0 0 1 1/1 24:20 5:28 4:16
Anthony Bitetto 0 0 0 3 0 0 2 1 0 0 0/0 20:35 4:00 3:19
Austin Watson 0 0 0 -1 0 0 0 0 0 0 0/0 7:02 0:23 0:12
Barry Tallackson 0 1 1 1 0 5 1 0 0 0 1/3 15:37 3:56 1:26
Christian Hanson 0 3 3 3 0 3 2 0 0 0 19/30 20:19 5:24 1:43
Fedor Fedorov 0 0 0 0 0 1 2 0 2 0 0/0 17:33 3:56 2:17
Jared Knight 0 0 0 0 0 0 0 0 0 0 0/0 1:00 0:36 0:00
Jordie Benn 0 1 1 3 0 0 1 0 1 2 0/0 20:05 3:30 3:19
Lauri Tukonen 0 0 0 -1 0 0 0 0 0 0 1/3 9:56 0:00 2:24
Mathieu Perreault 0 0 0 -1 0 2 0 0 0 0 3/5 10:12 0:00 0:00
Matt Calvert 0 1 1 -1 0 0 0 0 0 0 0/0 10:12 0:00 0:00
Mattias Weinhandl 2 0 2 0 0 3 1 0 0 0 0/0 11:45 0:00 1:26
Melker Karlsson 0 0 0 -1 0 1 0 0 0 0 0/1 6:53 0:00 0:25
Mike Funk 0 0 0 -2 0 2 0 1 0 0 0/0 12:06 0:30 0:00
Robbie Russo 0 0 0 -2 2 0 0 0 0 0 0/0 11:42 0:00 0:00
Ryan Wilson 0 1 1 1 0 3 0 5 1 0 0/0 29:09 5:56 4:52
Timothy Kunes 0 0 0 1 0 3 2 5 0 2 0/0 29:09 5:56 4:52
Tomas Kurka 1 0 1 3 4 5 2 0 0 0 5/8 22:21 5:24 2:13
Zach Budish 0 0 0 0 0 0 0 0 0 0 1/1 1:53 0:45 0:00
Zenon Konopka 0 0 0 0 4 3 3 0 0 1 4/7 15:16 3:56 0:00
3 Stars
1 - Andrew Gordon (Nyc)
2 - Christian Hanson (Nyc)
3 - Matt Halischuk (Que)
Power Play
Remparts - 1 on 5 Attempt(s) - 20,00%
Patriotes - 0 on 5 Attempt(s) - 0,00%
Penalty Kill
Remparts - 5 on 5 Attempt(s) - 100,00%
- Score 0 goal in Penalty Kill
Patriotes - 4 on 5 Attempt(s) - 80,00%
- Score 0 goal in Penalty Kill
Team Stat
Remparts - Hits : 25 - Faceoff Wins : 24 - Blocked Shots : 8 - Penalty Minutes : 10
Patriotes - Hits : 17 - Faceoff Wins : 35 - Blocked Shots : 12 - Penalty Minutes : 10
Official
Referees : Fraser Kerry and Auger Stephane
Linesman : Jonny Murray and Ryan Galloway
Game Notes
No Game Note
Finance
Level 1 -- Attendance: 1514 (75,70%) -- Ticket Income 52 990 $
Level 2 -- Attendance: 700 (70,00%) -- Ticket Income 10 500 $
Total Attendance: 2214 (73,80%)
Total Ticket Income: 63 490 $
Other Income: 3 174 $
Total Income: 66 664 $
Remparts
5 vs 5 Forward
Center Left Wing Right Wing Time % Phy DF OF
1 Jonathan Matsumoto Pasi Salonen Matt Halischuk 40 0 2 3
2 Cédric Lalonde-McNicoll Johannes Salmonsson Guillaume Desbiens 30 0 2 3
3 Mika Zibanejad Luca Caputi Petr Straka 20 0 3 2
4 Max Reinhart Geordie Wudrick Jonathan Cheechoo 10 1 2 2
5 vs 5 Defense
Defense Defense Time % Phy DF OF
1 Erik Gudbranson Brandon Gormley 40 0 2 3
2 Radko Gudas William Colbert 30 0 2 3
3 Ivan Vishnevski Michael Paliotta 20 1 2 2
4 Erik Gudbranson Radko Gudas 10 0 2 3
PowerPlay Forward
Center Left Wing Right Wing Time % Phy DF OF
1 Jonathan Matsumoto Pasi Salonen Matt Halischuk 60 0 1 4
2 Cédric Lalonde-McNicoll Johannes Salmonsson Guillaume Desbiens 40 0 1 4
PowerPlay Defense
Defense Defense Time % Phy DF OF
1 Erik Gudbranson Brandon Gormley 60 0 2 3
2 Radko Gudas William Colbert 40 0 2 3
Penalty Kill 4 Players Forward
Center Wing Time % Phy DF OF
1 Cédric Lalonde-McNicoll Johannes Salmonsson 60 1 4 0
2 Max Reinhart Pasi Salonen 40 1 4 0
Penalty Kill 4 Players Defense
Defense Defense Time % Phy DF OF
1 Erik Gudbranson Radko Gudas 60 1 4 0
2 Brandon Gormley William Colbert 40 1 4 0
Penalty Kill - 3 Players Forward
Forward Time % Phy DF OF
1 Cédric Lalonde-McNicoll 60 1 4 0
2 Johannes Salmonsson 40 1 4 0
Penalty Kill - 3 Players Defense
Defense Defense Time % Phy DF OF
1 Erik Gudbranson Radko Gudas 60 1 4 0
2 Brandon Gormley William Colbert 40 1 4 0
4 vs 4 Forward
Center Wing Time % Phy DF OF
1 Jonathan Matsumoto Matt Halischuk 60 0 2 3
2 Cédric Lalonde-McNicoll Guillaume Desbiens 40 0 2 3
4 vs 4 Defense
Defense Defense Time % Phy DF OF
1 Erik Gudbranson Brandon Gormley 60 0 2 3
2 Radko Gudas William Colbert 40 0 2 3
Last Minutes Offensive
Center Left Wing Right Wing Defense Defense
Jonathan Matsumoto Pasi Salonen Matt Halischuk Erik Gudbranson Brandon Gormley
Last Minutes Defensive
Center Left Wing Right Wing Defense Defense
Cédric Lalonde-McNicoll Johannes Salmonsson Guillaume Desbiens Erik Gudbranson Radko Gudas
Goaltenders
Starting : Petr Mrazek
Backup : Tyler Plante
Extra Forwards
Normal : Jonathan Matsumoto, Mika Zibanejad, Matt Halischuk - PP : Jonathan Matsumoto, Mika Zibanejad - PK : Jonathan Cheechoo
Extra Defensemen
Normal : William Colbert, Radko Gudas, Erik Gudbranson - PP : Brandon Gormley - PK : Brandon Gormley, Erik Gudbranson
Penalty Shots
Pasi Salonen, Jonathan Matsumoto, Jonathan Cheechoo, Mika Zibanejad, Cédric Lalonde-McNicoll
Patriotes
5 vs 5 Forward
Center Left Wing Right Wing Time % Phy DF OF
1 Christian Hanson Tomas Kurka Andrew Gordon 40 1 2 2
2 Zenon Konopka Fedor Fedorov Barry Tallackson 30 1 2 2
3 Mathieu Perreault Matt Calvert Mattias Weinhandl 20 1 2 2
4 Melker Karlsson Austin Watson Lauri Tukonen 10 1 2 2
5 vs 5 Defense
Defense Defense Time % Phy DF OF
1 Ryan Wilson Timothy Kunes 40 1 2 2
2 Jordie Benn Anthony Bitetto 30 1 2 2
3 Mike Funk Robbie Russo 20 1 2 2
4 Ryan Wilson Timothy Kunes 10 1 2 2
PowerPlay Forward
Center Left Wing Right Wing Time % Phy DF OF
1 Christian Hanson Tomas Kurka Andrew Gordon 60 1 2 2
2 Zenon Konopka Fedor Fedorov Barry Tallackson 40 1 2 2
PowerPlay Defense
Defense Defense Time % Phy DF OF
1 Ryan Wilson Timothy Kunes 60 1 2 2
2 Jordie Benn Anthony Bitetto 40 1 2 2
Penalty Kill 4 Players Forward
Center Wing Time % Phy DF OF
1 Tomas Kurka Andrew Gordon 60 1 2 2
2 Barry Tallackson Mattias Weinhandl 40 1 2 2
Penalty Kill 4 Players Defense
Defense Defense Time % Phy DF OF
1 Ryan Wilson Timothy Kunes 60 1 2 2
2 Jordie Benn Anthony Bitetto 40 1 2 2
Penalty Kill - 3 Players Forward
Forward Time % Phy DF OF
1 Tomas Kurka 60 1 2 2
2 Andrew Gordon 40 1 2 2
Penalty Kill - 3 Players Defense
Defense Defense Time % Phy DF OF
1 Ryan Wilson Timothy Kunes 60 1 2 2
2 Jordie Benn Anthony Bitetto 40 1 2 2
4 vs 4 Forward
Center Wing Time % Phy DF OF
1 Tomas Kurka Andrew Gordon 60 1 2 2
2 Barry Tallackson Mattias Weinhandl 40 1 2 2
4 vs 4 Defense
Defense Defense Time % Phy DF OF
1 Ryan Wilson Timothy Kunes 60 1 2 2
2 Jordie Benn Anthony Bitetto 40 1 2 2
Last Minutes Offensive
Center Left Wing Right Wing Defense Defense
Christian Hanson Tomas Kurka Andrew Gordon Ryan Wilson Timothy Kunes
Last Minutes Defensive
Center Left Wing Right Wing Defense Defense
Christian Hanson Tomas Kurka Andrew Gordon Ryan Wilson Timothy Kunes
Goaltenders
Starting : Marek Schwarz
Backup : Jason Missiaen
Extra Forwards
Normal : Zach Budish, Jared Knight, Lauri Tukonen - PP : Zach Budish, Jared Knight - PK : Lauri Tukonen
Extra Defensemen
Normal : Mike Funk, Robbie Russo, Jordie Benn - PP : Mike Funk - PK : Robbie Russo, Jordie Benn
Penalty Shots
Tomas Kurka, Andrew Gordon, Barry Tallackson, Mattias Weinhandl, Christian Hanson
% Time on Ice - Remparts
Lines # - Real PCT - Wanted PCT - Time Play
Normal Forward
1 - 31% - 40% - 13:00
2 - 24% - 30% - 10:13
3 - 23% - 20% - 9:40
4 - 21% - 10% - 9:00
Normal Defense
1 - 36% - 40% - 15:01
2 - 27% - 30% - 11:17
3 - 30% - 20% - 12:30
4 - 7% - 10% - 3:05
PP Forward
1 - 56% - 60% - 4:36
2 - 44% - 40% - 3:35
PP Defense
1 - 59% - 60% - 4:49
2 - 41% - 40% - 3:22
PK Forward
1 - 77% - 60% - 7:36
2 - 23% - 40% - 2:20
PK Defense
1 - 70% - 60% - 6:56
2 - 30% - 40% - 3:00
PK3 Forward
1 - 0% - 60%
2 - 0% - 40%
PK3 Defense
1 - 0% - 60%
2 - 0% - 40%
44 Forward
1 - 91% - 60% - 1:13
2 - 9% - 40% - 0:07
44 Defense
1 - 91% - 60% - 1:13
2 - 9% - 40% - 0:07
Last Minute Offensive - 0:00
Last Minute Defensive - 0:00
Total
Forward - 61:20
Defense - 61:20
|
% Time on Ice - Patriotes
Lines # - Real PCT - Wanted PCT - Time Play
Normal Forward
1 - 36% - 40% - 15:10
2 - 24% - 30% - 10:08
3 - 24% - 20% - 10:12
4 - 15% - 10% - 6:23
Normal Defense
1 - 38% - 40% - 15:55
2 - 31% - 30% - 13:09
3 - 28% - 20% - 11:36
4 - 3% - 10% - 1:13
PP Forward
1 - 60% - 60% - 6:00
2 - 40% - 40% - 3:56
PP Defense
1 - 65% - 60% - 6:26
2 - 35% - 40% - 3:30
PK Forward
1 - 82% - 60% - 6:45
2 - 18% - 40% - 1:26
PK Defense
1 - 59% - 60% - 4:52
2 - 41% - 40% - 3:19
PK3 Forward
1 - 0% - 60%
2 - 0% - 40%
PK3 Defense
1 - 0% - 60%
2 - 0% - 40%
44 Forward
1 - 91% - 60% - 1:13
2 - 9% - 40% - 0:07
44 Defense
1 - 91% - 60% - 1:13
2 - 9% - 40% - 0:07
Last Minute Offensive - 0:00
Last Minute Defensive - 0:00
Total
Forward - 61:20
Defense - 61:20
|
Play by Play
1st period
0:01 of 1st period - Jonathan Matsumoto wins face-off versus Christian Hanson in neutral zone.
0:13 of 1st period - Icing by Ryan Wilson.
0:14 of 1st period - Christian Hanson wins face-off versus Cédric Lalonde-McNicoll in Patriotes zone.
0:20 of 1st period - Snap shot by Guillaume Desbiens.
0:20 of 1st period - Shot Misses the Net.
0:26 of 1st period - Wrist shot by Guillaume Desbiens.
0:26 of 1st period - Shot Blocked by Timothy Kunes.
0:30 of 1st period - Wrist shot by Guillaume Desbiens.
0:30 of 1st period - Shot Misses the Net.
1:03 of 1st period - Wrist shot by Matt Calvert.
1:03 of 1st period - Deflect By Mathieu Perreault.
1:03 of 1st period - Stopped by Petr Mrazek without a rebound.
1:04 of 1st period - Jonathan Matsumoto wins face-off versus Mathieu Perreault in Remparts zone.
1:29 of 1st period - Max Reinhart is hit by Jordie Benn and loses puck.
1:38 of 1st period - Slapshot by Erik Gudbranson.
1:38 of 1st period - Shot Blocked by Anthony Bitetto.
3:15 of 1st period - Snap shot by Barry Tallackson.
3:15 of 1st period - Stopped by Petr Mrazek with a rebound.
3:17 of 1st period - Slapshot by Timothy Kunes.
3:17 of 1st period - Stopped by Petr Mrazek without a rebound.
3:18 of 1st period - Christian Hanson wins face-off versus Matt Halischuk in Remparts zone.
3:21 of 1st period - Slapshot by Ryan Wilson.
3:21 of 1st period - Stopped by Petr Mrazek with a rebound.
3:29 of 1st period - Wrist shot by Pasi Salonen.
3:29 of 1st period - Stopped by Marek Schwarz with a rebound.
3:56 of 1st period - Wrist shot by Christian Hanson.
3:56 of 1st period - Shot Blocked by Michael Paliotta.
3:58 of 1st period - Wrist shot by Andrew Gordon.
3:58 of 1st period - Goal by Andrew Gordon - Remparts : 0 - Patriotes : 1.
3:59 of 1st period - Jonathan Matsumoto wins face-off versus Zenon Konopka in neutral zone.
4:32 of 1st period - Snap shot by Mattias Weinhandl.
4:32 of 1st period - Goal by Mattias Weinhandl - Remparts : 0 - Patriotes : 2.
4:33 of 1st period - Christian Hanson wins face-off versus Jonathan Matsumoto in neutral zone.
5:17 of 1st period - Wrist shot by Pasi Salonen.
5:17 of 1st period - Stopped by Marek Schwarz with a rebound.
5:33 of 1st period - Snap shot by Jonathan Matsumoto.
5:33 of 1st period - Goal by Jonathan Matsumoto - Remparts : 1 - Patriotes : 2.
5:34 of 1st period - Zenon Konopka wins face-off versus Cédric Lalonde-McNicoll in neutral zone.
5:47 of 1st period - Snap shot by Johannes Salmonsson.
5:47 of 1st period - Stopped by Marek Schwarz with a rebound.
5:59 of 1st period - Anthony Bitetto is hit by Mika Zibanejad and loses puck.
6:31 of 1st period - Minor Penalty to Robbie Russo for Tripping.
6:32 of 1st period - Tomas Kurka wins face-off versus Matt Halischuk in Patriotes zone.
6:44 of 1st period - Timothy Kunes is hit by Matt Halischuk and loses puck.
7:04 of 1st period - Wrist shot by Guillaume Desbiens.
7:04 of 1st period - Shot Misses the Net.
8:28 of 1st period - Radko Gudas is hit by Tomas Kurka and loses puck.
8:31 of 1st period - Penalty to Robbie Russo is over, Robbie Russo is back on ice.
8:47 of 1st period - Slapshot by Lauri Tukonen.
8:47 of 1st period - Shot Misses the Net.
8:51 of 1st period - Slapshot by Melker Karlsson.
8:51 of 1st period - Stopped by Petr Mrazek without a rebound.
8:52 of 1st period - Zenon Konopka wins face-off versus Mika Zibanejad in Remparts zone.
9:42 of 1st period - Snap shot by Melker Karlsson.
9:42 of 1st period - Shot Blocked by Guillaume Desbiens.
9:44 of 1st period - Slapshot by Mike Funk.
9:44 of 1st period - Deflect By Erik Gudbranson.
9:44 of 1st period - Stopped by Petr Mrazek without a rebound.
9:45 of 1st period - Christian Hanson wins face-off versus Jonathan Matsumoto in Remparts zone.
9:48 of 1st period - Snap shot by Tomas Kurka.
9:48 of 1st period - Stopped by Petr Mrazek with a rebound.
9:50 of 1st period - Slapshot by Timothy Kunes.
9:50 of 1st period - Deflect By Jonathan Matsumoto.
9:50 of 1st period - Stopped by Petr Mrazek with a rebound.
9:52 of 1st period - Slapshot by Timothy Kunes.
9:52 of 1st period - Deflect By Andrew Gordon.
9:52 of 1st period - Stopped by Petr Mrazek with a rebound.
9:54 of 1st period - Snap shot by Christian Hanson.
9:54 of 1st period - Stopped by Petr Mrazek with a rebound.
9:56 of 1st period - Snap shot by Tomas Kurka.
9:56 of 1st period - Stopped by Petr Mrazek with a rebound.
9:58 of 1st period - Wrist shot by Ryan Wilson.
9:58 of 1st period - Stopped by Petr Mrazek with a rebound.
10:10 of 1st period - Timothy Kunes is hit by Johannes Salmonsson and loses puck.
10:21 of 1st period - Ivan Vishnevski is hit by Timothy Kunes and loses puck.
10:28 of 1st period - Johannes Salmonsson is hit by Fedor Fedorov and loses puck.
10:42 of 1st period - Snap shot by Johannes Salmonsson.
10:42 of 1st period - Stopped by Marek Schwarz with a rebound.
10:44 of 1st period - Wrist shot by Guillaume Desbiens.
10:44 of 1st period - Shot Blocked by Ryan Wilson.
10:46 of 1st period - Wrist shot by Guillaume Desbiens.
10:46 of 1st period - Shot Misses the Net.
10:48 of 1st period - Wrist shot by Johannes Salmonsson.
10:48 of 1st period - Shot Blocked by Ryan Wilson.
10:50 of 1st period - Wrist shot by Cédric Lalonde-McNicoll.
10:50 of 1st period - Stopped by Marek Schwarz with a rebound.
10:52 of 1st period - Snap shot by Johannes Salmonsson.
10:52 of 1st period - Shot Blocked by Timothy Kunes.
10:54 of 1st period - Snap shot by Guillaume Desbiens.
10:54 of 1st period - Stopped by Marek Schwarz with a rebound.
10:56 of 1st period - Snap shot by Johannes Salmonsson.
10:56 of 1st period - Stopped by Marek Schwarz without a rebound.
10:57 of 1st period - Christian Hanson wins face-off versus Jonathan Matsumoto in Patriotes zone.
11:11 of 1st period - Off-side.
11:12 of 1st period - Christian Hanson wins face-off versus Mika Zibanejad in neutral zone.
11:39 of 1st period - Radko Gudas is hit by Anthony Bitetto and loses puck.
12:59 of 1st period - Wrist shot by Matt Halischuk.
12:59 of 1st period - Goal by Matt Halischuk - Remparts : 2 - Patriotes : 2.
13:00 of 1st period - Jonathan Matsumoto wins face-off versus Tomas Kurka in neutral zone.
13:45 of 1st period - Slapshot by Erik Gudbranson.
13:45 of 1st period - Stopped by Marek Schwarz without a rebound.
13:46 of 1st period - Mathieu Perreault wins face-off versus Mika Zibanejad in Patriotes zone.
14:36 of 1st period - Wrist shot by Zenon Konopka.
14:36 of 1st period - Stopped by Petr Mrazek with a rebound.
14:38 of 1st period - Snap shot by Barry Tallackson.
14:38 of 1st period - Stopped by Petr Mrazek with a rebound.
14:40 of 1st period - Wrist shot by Zenon Konopka.
14:40 of 1st period - Shot Misses the Net.
16:03 of 1st period - Slapshot by Guillaume Desbiens.
16:03 of 1st period - Shot Misses the Net.
16:10 of 1st period - Icing by Mike Funk.
16:11 of 1st period - Max Reinhart wins face-off versus Melker Karlsson in Patriotes zone.
16:21 of 1st period - Off-side.
16:22 of 1st period - Christian Hanson wins face-off versus Matt Halischuk in neutral zone.
16:54 of 1st period - Wrist shot by Fedor Fedorov.
16:54 of 1st period - Shot Misses the Net.
16:56 of 1st period - Snap shot by Barry Tallackson.
16:56 of 1st period - Stopped by Petr Mrazek without a rebound.
16:57 of 1st period - Christian Hanson wins face-off versus Jonathan Matsumoto in Remparts zone.
17:10 of 1st period - Wrist shot by Tomas Kurka.
17:10 of 1st period - Shot Misses the Net.
17:26 of 1st period - Slapshot by Brandon Gormley.
17:26 of 1st period - Stopped by Marek Schwarz without a rebound.
17:27 of 1st period - Zenon Konopka wins face-off versus Luca Caputi in Patriotes zone.
17:36 of 1st period - Snap shot by Zenon Konopka.
17:36 of 1st period - Deflect By Fedor Fedorov.
17:36 of 1st period - Stopped by Petr Mrazek with a rebound.
18:58 of 1st period - Max Reinhart is hit by Barry Tallackson and loses puck.
19:05 of 1st period - Snap shot by Barry Tallackson.
19:05 of 1st period - Stopped by Petr Mrazek without a rebound.
19:06 of 1st period - Jonathan Matsumoto wins face-off versus Barry Tallackson in Remparts zone.
19:06 of 1st period - Jonathan Matsumoto is hit by Zenon Konopka.
19:09 of 1st period - Minor Penalty to Erik Gudbranson for Cross-checking.
19:10 of 1st period - Cédric Lalonde-McNicoll wins face-off versus Christian Hanson in Remparts zone.
19:10 of 1st period - Cédric Lalonde-McNicoll is hit by Anthony Bitetto.
19:25 of 1st period - Cédric Lalonde-McNicoll is hit by Andrew Gordon and loses puck.
Goals for this period are 2 for Remparts vs 2 for Patriotes.
Shots for this period are 11 for Remparts vs 19 for Patriotes.
2nd period
0:01 of 2nd period - Cédric Lalonde-McNicoll wins face-off versus Christian Hanson in neutral zone.
0:32 of 2nd period - Slapshot by Zenon Konopka.
0:32 of 2nd period - Shot Misses the Net.
0:34 of 2nd period - Snap shot by Barry Tallackson.
0:34 of 2nd period - Stopped by Petr Mrazek without a rebound.
0:35 of 2nd period - Tomas Kurka wins face-off versus Cédric Lalonde-McNicoll in Remparts zone.
1:00 of 2nd period - Fedor Fedorov is hit by Brandon Gormley and loses puck.
1:06 of 2nd period - Off-side.
1:07 of 2nd period - Tomas Kurka wins face-off versus Max Reinhart in neutral zone.
1:09 of 2nd period - Penalty to Erik Gudbranson is over, Erik Gudbranson is back on ice.
1:10 of 2nd period - Slapshot by Ryan Wilson.
1:10 of 2nd period - Stopped by Petr Mrazek with a rebound.
1:12 of 2nd period - Slapshot by Ryan Wilson.
1:12 of 2nd period - Shot Blocked by Radko Gudas.
1:14 of 2nd period - Snap shot by Andrew Gordon.
1:14 of 2nd period - Shot Blocked by Brandon Gormley.
1:16 of 2nd period - Wrist shot by Christian Hanson.
1:16 of 2nd period - Shot Misses the Net.
1:18 of 2nd period - Slapshot by Andrew Gordon.
1:18 of 2nd period - Goal by Andrew Gordon - Remparts : 2 - Patriotes : 3.
1:19 of 2nd period - Jonathan Matsumoto wins face-off versus Christian Hanson in neutral zone.
2:33 of 2nd period - Wrist shot by Erik Gudbranson.
2:33 of 2nd period - Stopped by Marek Schwarz without a rebound.
2:34 of 2nd period - Christian Hanson wins face-off versus Max Reinhart in Patriotes zone.
2:46 of 2nd period - Off-side.
2:47 of 2nd period - Jonathan Matsumoto wins face-off versus Christian Hanson in neutral zone.
2:58 of 2nd period - Snap shot by Matt Halischuk.
2:58 of 2nd period - Stopped by Marek Schwarz without a rebound.
2:59 of 2nd period - Jonathan Matsumoto wins face-off versus Christian Hanson in Patriotes zone.
3:02 of 2nd period - Wrist shot by Jonathan Matsumoto.
3:02 of 2nd period - Shot Misses the Net.
3:04 of 2nd period - Snap shot by Pasi Salonen.
3:04 of 2nd period - Stopped by Marek Schwarz with a rebound.
3:14 of 2nd period - Slapshot by Jonathan Matsumoto.
3:14 of 2nd period - Shot Blocked by Ryan Wilson.
3:20 of 2nd period - Minor Penalty to Tomas Kurka for Hooking.
3:21 of 2nd period - Matt Halischuk wins face-off versus Lauri Tukonen in Patriotes zone.
3:24 of 2nd period - Wrist shot by Matt Halischuk.
3:24 of 2nd period - Shot Blocked by Ryan Wilson.
3:26 of 2nd period - Wrist shot by Brandon Gormley.
3:26 of 2nd period - Shot Misses the Net.
3:28 of 2nd period - Snap shot by Erik Gudbranson.
3:28 of 2nd period - Shot Blocked by Timothy Kunes.
3:30 of 2nd period - Slapshot by Brandon Gormley.
3:30 of 2nd period - Shot Misses the Net.
3:32 of 2nd period - Slapshot by Matt Halischuk.
3:32 of 2nd period - Stopped by Marek Schwarz without a rebound.
3:33 of 2nd period - Lauri Tukonen wins face-off versus Jonathan Matsumoto in Patriotes zone.
3:44 of 2nd period - Lauri Tukonen is hit by Matt Halischuk and loses puck.
4:51 of 2nd period - Matt Halischuk is hit by Christian Hanson and loses puck.
5:20 of 2nd period - Penalty to Tomas Kurka is over, Tomas Kurka is back on ice.
5:38 of 2nd period - Snap shot by Matt Calvert.
5:38 of 2nd period - Shot Misses the Net.
5:40 of 2nd period - Snap shot by Mathieu Perreault.
5:40 of 2nd period - Shot Blocked by Brandon Gormley.
6:47 of 2nd period - Snap shot by Mattias Weinhandl.
6:47 of 2nd period - Stopped by Petr Mrazek with a rebound.
7:29 of 2nd period - Wrist shot by Geordie Wudrick.
7:29 of 2nd period - Stopped by Marek Schwarz with a rebound.
7:58 of 2nd period - William Colbert is hit by Fedor Fedorov and loses puck.
8:15 of 2nd period - Johannes Salmonsson is hit by Timothy Kunes.
9:38 of 2nd period - Lauri Tukonen is hit by Johannes Salmonsson and loses puck.
9:50 of 2nd period - Robbie Russo is hit by Cédric Lalonde-McNicoll.
10:28 of 2nd period - Slapshot by Mike Funk.
10:28 of 2nd period - Stopped by Petr Mrazek without a rebound.
10:29 of 2nd period - Christian Hanson wins face-off versus Mika Zibanejad in Remparts zone.
10:38 of 2nd period - Wrist shot by Andrew Gordon.
10:38 of 2nd period - Stopped by Petr Mrazek with a rebound.
10:46 of 2nd period - Tomas Kurka is hit by Luca Caputi and loses puck.
11:04 of 2nd period - Robbie Russo is hit by Matt Halischuk.
11:26 of 2nd period - Mattias Weinhandl is hit by Johannes Salmonsson.
13:22 of 2nd period - Ryan Wilson is hit by Jonathan Matsumoto and loses puck.
13:33 of 2nd period - Timothy Kunes is hit by Erik Gudbranson and loses puck.
13:38 of 2nd period - Wrist shot by Geordie Wudrick.
13:38 of 2nd period - Stopped by Marek Schwarz with a rebound.
13:54 of 2nd period - Slapshot by Timothy Kunes.
13:54 of 2nd period - Shot Misses the Net.
14:04 of 2nd period - Andrew Gordon is hit by Guillaume Desbiens and loses puck.
14:19 of 2nd period - Snap shot by Barry Tallackson.
14:19 of 2nd period - Shot Blocked by Radko Gudas.
14:21 of 2nd period - Slapshot by Anthony Bitetto.
14:21 of 2nd period - Deflect By Barry Tallackson.
14:21 of 2nd period - Deflect By Mika Zibanejad.
14:21 of 2nd period - Shot Misses the Net.
14:21 of 2nd period - Puck is out of play.
14:22 of 2nd period - Jonathan Matsumoto wins face-off versus Zenon Konopka in Remparts zone.
14:43 of 2nd period - Minor Penalty to Jonathan Matsumoto for Hooking.
14:44 of 2nd period - Tomas Kurka wins face-off versus Cédric Lalonde-McNicoll in Remparts zone.
14:45 of 2nd period - Wrist shot by Christian Hanson.
14:45 of 2nd period - Shot Misses the Net.
14:47 of 2nd period - Snap shot by Tomas Kurka.
14:47 of 2nd period - Shot Misses the Net.
14:49 of 2nd period - Snap shot by Andrew Gordon.
14:49 of 2nd period - Stopped by Petr Mrazek without a rebound.
14:50 of 2nd period - Christian Hanson wins face-off versus Cédric Lalonde-McNicoll in Remparts zone.
14:51 of 2nd period - Wrist shot by Tomas Kurka.
14:51 of 2nd period - Shot Misses the Net.
14:53 of 2nd period - Backhand shot by Christian Hanson.
14:53 of 2nd period - Stopped by Petr Mrazek with a rebound.
14:55 of 2nd period - Slapshot by Andrew Gordon.
14:55 of 2nd period - Shot Blocked by Erik Gudbranson.
14:57 of 2nd period - Slapshot by Timothy Kunes.
14:57 of 2nd period - Stopped by Petr Mrazek without a rebound.
14:58 of 2nd period - Cédric Lalonde-McNicoll wins face-off versus Christian Hanson in Remparts zone.
14:58 of 2nd period - Cédric Lalonde-McNicoll is hit by Christian Hanson.
15:10 of 2nd period - Snap shot by Ryan Wilson.
15:10 of 2nd period - Deflect By Tomas Kurka.
15:10 of 2nd period - Shot Misses the Net.
15:10 of 2nd period - Puck is out of play.
15:11 of 2nd period - Christian Hanson wins face-off versus Cédric Lalonde-McNicoll in Remparts zone.
15:20 of 2nd period - Snap shot by Johannes Salmonsson.
15:20 of 2nd period - Stopped by Marek Schwarz with a rebound.
16:41 of 2nd period - Icing by Timothy Kunes.
16:42 of 2nd period - Zenon Konopka wins face-off versus Jonathan Cheechoo in Patriotes zone.
16:43 of 2nd period - Penalty to Jonathan Matsumoto is over, Jonathan Matsumoto is back on ice.
16:53 of 2nd period - Slapshot by Erik Gudbranson.
16:53 of 2nd period - Shot Misses the Net.
16:55 of 2nd period - Snap shot by Petr Straka.
16:55 of 2nd period - Shot Misses the Net.
17:12 of 2nd period - Icing by Jordie Benn.
17:13 of 2nd period - Mathieu Perreault wins face-off versus Max Reinhart in Patriotes zone.
17:18 of 2nd period - Wrist shot by Geordie Wudrick.
17:18 of 2nd period - Stopped by Marek Schwarz without a rebound.
17:19 of 2nd period - Andrew Gordon wins face-off versus Max Reinhart in Patriotes zone.
17:28 of 2nd period - Wrist shot by Andrew Gordon.
17:28 of 2nd period - Stopped by Petr Mrazek with a rebound.
17:30 of 2nd period - Slapshot by Timothy Kunes.
17:30 of 2nd period - Shot Misses the Net.
18:16 of 2nd period - Off-side.
18:17 of 2nd period - Cédric Lalonde-McNicoll wins face-off versus Christian Hanson in neutral zone.
18:20 of 2nd period - Snap shot by Guillaume Desbiens.
18:20 of 2nd period - Shot Blocked by Timothy Kunes.
18:48 of 2nd period - Off-side.
18:49 of 2nd period - Jonathan Matsumoto wins face-off versus Barry Tallackson in neutral zone.
18:52 of 2nd period - Barry Tallackson is hit by Matt Halischuk and loses puck.
19:11 of 2nd period - Double Minor Penalty to Matt Halischuk for Slashing.
19:12 of 2nd period - Christian Hanson wins face-off versus Cédric Lalonde-McNicoll in Remparts zone.
19:13 of 2nd period - Backhand shot by Tomas Kurka.
19:13 of 2nd period - Deflect By Andrew Gordon.
19:13 of 2nd period - Stopped by Petr Mrazek with a rebound.
19:23 of 2nd period - Slapshot by Christian Hanson.
19:23 of 2nd period - Stopped by Petr Mrazek without a rebound.
19:24 of 2nd period - Christian Hanson wins face-off versus Cédric Lalonde-McNicoll in Remparts zone.
19:55 of 2nd period - Wrist shot by Zenon Konopka.
19:55 of 2nd period - Stopped by Petr Mrazek with a rebound.
19:59 of 2nd period - Snap shot by Zenon Konopka.
19:59 of 2nd period - Stopped by Petr Mrazek without a rebound.
Goals for this period are 0 for Remparts vs 1 for Patriotes.
Shots for this period are 8 for Remparts vs 14 for Patriotes.
3rd period
0:01 of 3rd period - Christian Hanson wins face-off versus Cédric Lalonde-McNicoll in neutral zone.
2:03 of 3rd period - Ryan Wilson is hit by Radko Gudas and loses puck.
3:11 of 3rd period - Penalty to Matt Halischuk is over, Matt Halischuk is back on ice.
4:22 of 3rd period - Fedor Fedorov is hit by Radko Gudas and loses puck.
4:35 of 3rd period - Snap shot by Geordie Wudrick.
4:35 of 3rd period - Deflect By Max Reinhart.
4:35 of 3rd period - Shot Misses the Net.
4:35 of 3rd period - Puck is out of play.
4:36 of 3rd period - Christian Hanson wins face-off versus Max Reinhart in Patriotes zone.
4:41 of 3rd period - Snap shot by Andrew Gordon.
4:41 of 3rd period - Stopped by Petr Mrazek with a rebound.
4:43 of 3rd period - Snap shot by Robbie Russo.
4:43 of 3rd period - Shot Misses the Net.
4:45 of 3rd period - Snap shot by Andrew Gordon.
4:45 of 3rd period - Stopped by Petr Mrazek with a rebound.
4:57 of 3rd period - Mathieu Perreault is hit by Cédric Lalonde-McNicoll and loses puck.
5:24 of 3rd period - Pasi Salonen is hit by Zenon Konopka and loses puck.
5:37 of 3rd period - Snap shot by Petr Straka.
5:37 of 3rd period - Goal by Petr Straka - Remparts : 3 - Patriotes : 3.
5:38 of 3rd period - Christian Hanson wins face-off versus Jonathan Matsumoto in neutral zone.
5:40 of 3rd period - Minor Penalty to Tomas Kurka for Hooking.
5:41 of 3rd period - Jonathan Matsumoto wins face-off versus Lauri Tukonen in Patriotes zone.
5:53 of 3rd period - Lauri Tukonen is hit by Jonathan Matsumoto and loses puck.
6:10 of 3rd period - Slapshot by Erik Gudbranson.
6:10 of 3rd period - Shot Misses the Net.
6:12 of 3rd period - Wrist shot by Cédric Lalonde-McNicoll.
6:12 of 3rd period - Stopped by Marek Schwarz with a rebound.
6:14 of 3rd period - Snap shot by Cédric Lalonde-McNicoll.
6:14 of 3rd period - Stopped by Marek Schwarz with a rebound.
6:16 of 3rd period - Slapshot by Brandon Gormley.
6:16 of 3rd period - Shot Misses the Net.
7:40 of 3rd period - Penalty to Tomas Kurka is over, Tomas Kurka is back on ice.
7:48 of 3rd period - Slapshot by Geordie Wudrick.
7:48 of 3rd period - Deflect By Jonathan Cheechoo.
7:48 of 3rd period - Shot Blocked by Ryan Wilson.
7:48 of 3rd period - Puck is out of play.
7:49 of 3rd period - Mathieu Perreault wins face-off versus Max Reinhart in Patriotes zone.
7:49 of 3rd period - Mathieu Perreault is hit by Michael Paliotta.
7:55 of 3rd period - Snap shot by Mattias Weinhandl.
7:55 of 3rd period - Shot Misses the Net.
7:57 of 3rd period - Slapshot by Mathieu Perreault.
7:57 of 3rd period - Stopped by Petr Mrazek without a rebound.
7:58 of 3rd period - Mika Zibanejad wins face-off versus Mathieu Perreault in Remparts zone.
8:06 of 3rd period - Off-side.
8:07 of 3rd period - Mika Zibanejad wins face-off versus Christian Hanson in neutral zone.
8:10 of 3rd period - Andrew Gordon is hit by Luca Caputi and loses puck.
8:19 of 3rd period - Slapshot by Tomas Kurka.
8:19 of 3rd period - Stopped by Petr Mrazek without a rebound.
8:20 of 3rd period - Jonathan Matsumoto wins face-off versus Christian Hanson in Remparts zone.
8:25 of 3rd period - Snap shot by Tomas Kurka.
8:25 of 3rd period - Shot Misses the Net.
8:27 of 3rd period - Snap shot by Tomas Kurka.
8:27 of 3rd period - Stopped by Petr Mrazek without a rebound.
8:28 of 3rd period - Christian Hanson wins face-off versus Jonathan Matsumoto in Remparts zone.
8:33 of 3rd period - Wrist shot by Andrew Gordon.
8:33 of 3rd period - Deflect By Tomas Kurka.
8:33 of 3rd period - Goal by Tomas Kurka - Remparts : 3 - Patriotes : 4.
8:34 of 3rd period - Christian Hanson wins face-off versus Jonathan Matsumoto in neutral zone.
8:59 of 3rd period - Barry Tallackson is hit by Erik Gudbranson and loses puck.
9:11 of 3rd period - Double Minor Penalty to Zenon Konopka for High sticking.
9:12 of 3rd period - Jonathan Matsumoto wins face-off versus Tomas Kurka in Patriotes zone.
9:20 of 3rd period - Wrist shot by Jonathan Matsumoto.
9:20 of 3rd period - Shot Misses the Net.
9:22 of 3rd period - Wrist shot by Matt Halischuk.
9:22 of 3rd period - Shot Misses the Net.
9:24 of 3rd period - Slapshot by Brandon Gormley.
9:24 of 3rd period - Shot Blocked by Timothy Kunes.
9:26 of 3rd period - Slapshot by Brandon Gormley.
9:26 of 3rd period - Goal by Brandon Gormley - Remparts : 4 - Patriotes : 4.
9:27 of 3rd period - Tomas Kurka wins face-off versus Jonathan Matsumoto in neutral zone.
9:42 of 3rd period - Snap shot by Brandon Gormley.
9:42 of 3rd period - Deflect By Jonathan Matsumoto.
9:42 of 3rd period - Stopped by Marek Schwarz with a rebound.
11:26 of 3rd period - Penalty to Zenon Konopka is over, Zenon Konopka is back on ice.
11:42 of 3rd period - Snap shot by Geordie Wudrick.
11:42 of 3rd period - Stopped by Marek Schwarz with a rebound.
11:53 of 3rd period - Wrist shot by Mika Zibanejad.
11:53 of 3rd period - Stopped by Marek Schwarz with a rebound.
13:52 of 3rd period - Slapshot by Jordie Benn.
13:52 of 3rd period - Shot Misses the Net.
14:18 of 3rd period - Luca Caputi is hit by Tomas Kurka and loses puck.
15:11 of 3rd period - Off-side.
15:12 of 3rd period - Zach Budish wins face-off versus Cédric Lalonde-McNicoll in neutral zone.
15:20 of 3rd period - Cédric Lalonde-McNicoll is hit by Zenon Konopka and loses puck.
15:36 of 3rd period - William Colbert is hit by Mattias Weinhandl and loses puck.
16:11 of 3rd period - Mike Funk is hit by Johannes Salmonsson and loses puck.
16:20 of 3rd period - Snap shot by Johannes Salmonsson.
16:20 of 3rd period - Shot Blocked by Mike Funk.
16:47 of 3rd period - Mathieu Perreault is hit by Erik Gudbranson and loses puck.
17:02 of 3rd period - Minor Penalty to Radko Gudas for Hooking.
17:03 of 3rd period - Cédric Lalonde-McNicoll wins face-off versus Christian Hanson in Remparts zone.
18:26 of 3rd period - Snap shot by Jonathan Cheechoo.
18:26 of 3rd period - Stopped by Marek Schwarz without a rebound.
18:27 of 3rd period - Jonathan Cheechoo wins face-off versus Zenon Konopka in Patriotes zone.
19:02 of 3rd period - Penalty to Radko Gudas is over, Radko Gudas is back on ice.
19:31 of 3rd period - Jordie Benn is hit by Cédric Lalonde-McNicoll and loses puck.
Goals for this period are 2 for Remparts vs 1 for Patriotes.
Shots for this period are 8 for Remparts vs 6 for Patriotes.
Overtime #1
0:01 of 1st overtime period - Jonathan Matsumoto wins face-off versus Tomas Kurka in neutral zone.
0:20 of 1st overtime period - Tomas Kurka is hit by Matt Halischuk and loses puck.
1:12 of 1st overtime period - Wrist shot by Andrew Gordon.
1:12 of 1st overtime period - Deflect By Tomas Kurka.
1:12 of 1st overtime period - Shot Blocked by Matt Halischuk.
1:12 of 1st overtime period - Puck is out of play.
1:13 of 1st overtime period - Barry Tallackson wins face-off versus Cédric Lalonde-McNicoll in Remparts zone.
1:20 of 1st overtime period - Slapshot by Mattias Weinhandl.
1:20 of 1st overtime period - Goal by Mattias Weinhandl - Remparts : 4 - Patriotes : 5.
Goals for this period are 0 for Remparts vs 1 for Patriotes.
Shots for this period are 0 for Remparts vs 1 for Patriotes.
Back to the Top